 Dungeon Crawl Stone Soup version 0.16-a0-1816-g2c93a98 (webtiles) character file.

144 timbw the Cudgeler (level 5, -1/48 HPs)
             Began as a Troll Hunter on Nov 3, 2014.
             Slain by an adder (3 damage)
             ... on level 4 of the Dungeon.
             The game lasted 00:02:45 (727 turns).

timbw the Cudgeler (Troll Hunter)                    Turns: 727, Time: 00:02:45

Health: -1/48      AC:  5    Str: 20    XL:     5   Next: 5%
Magic:  2/2        EV: 10    Int:  7    God:
Gold:   68         SH:  0    Dex: 11    Spells: 0 memorised, 4 levels left

rFire  . . .     SeeInvis .     (no weapon)
rCold  . . .     Clarity  +     n - +0 robe (curse)
rNeg   . . .     SustAb   .     (shield restricted)
rPois  .         Gourm    +     (helmet restricted)
rElec  .         Spirit   .     (no cloak)
rCorr  .         Warding  .     (gloves unavailable)
rMut   .         Stasis   .     (boots unavailable)
MR     .....                    i - amulet of clarity
Stlth  +.........               (no ring)
                                (no ring)

@: lethally poisoned, not resistant to hostile enchantments, very unstealthy
A: unfitting armour, claws 3, fast metabolism 3, gourmand, regeneration 2,
shaggy fur 1, tough skin 2
a: no special abilities


You were on level 4 of the Dungeon.
You were not hungry.

You visited 1 branch of the dungeon, and saw 4 of its levels.

You collected 68 gold pieces.

Inventory:

Hand weapons
 k - a +0 mace
Armour
 d - a +0 animal skin
 n - a cursed +0 robe (worn)
Jewellery
 i - an amulet of clarity (around neck)
Magical devices
 o - a wand of paralysis (11)
 p - a wand of magic darts (35)
Scrolls
 g - a scroll of identify
Potions
 e - 2 potions of confusion
 m - a potion of heal wounds {unknown}
Comestibles
 a - 2 meat rations
 h - 5 chunks of flesh
 j - a royal jelly
 l - a bread ration


   Skills:
 - Level 1.5 Fighting
 + Level 3.8 Maces & Flails
 - Level 3.6 Throwing
 - Level 2.2 Dodging
 - Level 0.4 Stealth


You had 4 spell levels left.
You didn't know any spells.

Dungeon Overview and Level Annotations

Branches:
Dungeon (4/15)
 Temple: D:4-7

Altars:
Cheibriados


Innate Abilities, Weirdness & Mutations

You are too large for most types of armour.
You have claws for hands.
Your metabolism is lightning-fast.
You like to eat raw meat.
You heal very quickly.
You are covered in fur (AC +1).
You have very tough skin (AC +2).


Message History

You feel sick. The adder barely misses you.
You barely miss the adder.
The adder is lightly wounded.
The adder closely misses you.
You barely miss the adder.
The adder is moderately wounded.
You feel sick. The adder bites you.
* * * LOW HITPOINT WARNING * * *
You barely miss the adder.
The adder is moderately wounded.
The adder is no longer bleeding.
The adder bites you.
* * * LOW HITPOINT WARNING * * *
The adder bites you but does no damage.
Drink which item? (? for menu, Esc to quit)
That liquid tasted very nasty...
You are lethally poisoned!
It was a potion of poison.
* * * LOW HITPOINT WARNING * * *
You feel sick. The adder bites you.
You die...

.(. ...#..
.(...#
.....#
#....##
#.....####
##.........
#.S......#
#.@......##
#.........#
#........##
##.......#
#.......#
#.......##
#........#
##.....###
#...###


You could see an adder.

Vanquished Creatures
  3 worker ants (D:4)
  A hound (D:4)
  2 adders
  A giant cockroach (D:2)
  5 hobgoblins
  7 jackals
  5 kobolds
  A ball python (D:4)
  4 bats
  2 rats
  A plant (D:4)
32 creatures vanquished.

Notes
Turn   | Place    | Note
--------------------------------------------------------------
     0 | D:1      | timbw, the Troll Hunter, began the quest for the Orb.
     0 | D:1      | Reached XP level 1. HP: 19/19 MP: 1/1
     2 | D:1      | Noticed a tengu
     2 | D:1      | Noticed a naga
     4 | D:1      | Noticed a ghoul
     4 | D:1      | Noticed a demonspawn
     6 | D:1      | Noticed a vine stalker
     8 | D:1      | Noticed a demigod
     8 | D:1      | Noticed a minotaur
    10 | D:1      | Noticed a human
    10 | D:1      | Noticed a spriggan
    12 | D:1      | Noticed a vampire
    14 | D:1      | Noticed an octopode
    16 | D:1      | Noticed an elf
    16 | D:1      | Noticed a centaur
    18 | D:1      | Noticed a dwarf
    20 | D:1      | Noticed an ogre
    22 | D:1      | Noticed a troll
    22 | D:1      | Noticed a felid
    24 | D:1      | Noticed a formicid
    24 | D:1      | Noticed a gargoyle
    26 | D:1      | Noticed a draconian
    26 | D:1      | Noticed a merfolk
   137 | D:2      | Reached XP level 2. HP: 24/27 MP: 1/1
   254 | D:2      | Reached skill level 1 in Maces & Flails
   438 | D:4      | Reached XP level 3. HP: 31/33 MP: 2/2
   519 | D:4      | Found a snail-covered altar of Cheibriados.
   529 | D:4      | Reached XP level 4. HP: 41/41 MP: 2/2
   715 | D:4      | Reached XP level 5. HP: 15/48 MP: 2/2
   727 | D:4      | HP: 2/48 [poison (a potion of poison)]
   727 | D:4      | Slain by an adder

Action                   |  1- 3 |  4- 6 || total
-------------------------+-------+-------++-------
Melee: Unarmed           |   108 |    89 ||   197
Throw: Large rock        |       |     5 ||     5
       Throwing net      |       |     2 ||     2
  Use: Scroll            |     4 |       ||     4
       Potion            |       |     1 ||     1
  Eat: Chunk             |     4 |       ||     4
